AoeStats
← BomberC4

Arena

505463150Analyzed
1v1 RM · 24d ago on Sep 9, 2026· 43m 12s· 2 players
Game mode
Random Map
Map size
Tiny (2 player)
Population
200
Speed
Normal
Resources
Standard
Victory
Conquest
Starting age
Dark Age
Ending age
Imperial Age
RankedLock teamsTeams togetherTeam positionsShared explorationLock speedFull tech treeHidden civsTurbo modeCheats
Victory
Defeat
🇹🇷 Teutons · Türkiye
1501
+14
🇺🇸 Poles · United States
1460
-14
ICEMANIAN
9:32 Loom
11:17 Feudal Age
15:29 Castle Age
13:42 Double-Bit Axe
14:09 Horse Collar
16:36 Bow Saw
16:52 Heavy Plow
17:06 Fervor
24:19 Wheelbarrow
24:57 Stone Mining
27:10 Hand Cart
26:57 Fletching
27:08 Padded Archer Armor
30:42 Imperial Age
28:26 Gold Mining
28:56 Crossbowman
29:42 Thumb Ring
30:35 Redemption
30:49 Bodkin Arrow
31:28 Ballistics
33:15 Chemistry
33:09 Arbalester
34:12 Conscription
34:49 Bracer
43:20 Husbandry
BomberC4
11:34 Feudal Age
15:17 Castle Age
13:15 Double-Bit Axe
13:53 Horse Collar
14:25 Loom
17:29 Bow Saw
18:37 Town Watch
22:16 Wheelbarrow
21:54 Heavy Plow
23:55 Hand Cart
25:45 Pikeman
26:27 Squires
29:06 Imperial Age
26:41 Gold Mining
26:43 Stone Mining
27:34 Masonry
28:15 Scale Mail Armor
28:25 Forging
29:17 Fletching
29:46 Chain Mail Armor
30:46 Chemistry
29:31 Onager
32:48 Devotion
32:15 Capped Ram
33:46 Plate Mail Armor
33:42 Siege Engineers
35:01 Hoardings
34:11 Halberdier
36:06 Siege Onager
41:05 Arson
42:57 Two-Man Saw
Connection lost

Rejoining the realm…

Still unreachable

The connection could not be restored.

Session expired

The server has moved on; the page needs a fresh start.